 Dungeon Crawl Stone Soup version 0.29.1-15-g9cfb28693d (webtiles) character file.

Game seed: 12692992324989403869

245 DemonSlayer the Digger (level 5, -7/33 (35) HPs)
             Began as a Demonspawn Earth Elementalist on May 7, 2023.
             Mangled by a wight
             ... wielding a +0 great sword
              (10 damage)
             ... on level 3 of the Dungeon.
             The game lasted 00:06:19 (3846 turns).

DemonSlayer the Digger (DsEE)                       Turns: 3846, Time: 00:06:20

HP:   -7/33 (35)    AC:  6    Str:  8    XL:     5   Next: 84%
MP:   0/11          EV: 12    Int: 17    God:
Gold: 90            SH:  0    Dex: 15    Spells: 6/12 levels left

rFire   . . .      SeeInvis .   g - +0 dagger
rCold   . . .      Faith    .   (no shield)
rNeg    . . .      Spirit   .   a - +0 robe
rPois   .          Reflect  .   (no helmet)
rElec   .          Harm     .   h - +0 cloak
rCorr   .          Rampage  .   (no gloves)
Will    .....                   n - +0 pair of boots
Stlth   ++........              (no amulet)
HPRegen 0.11/turn               (no ring)
MPRegen 0.24/turn               (no ring)

@: very slightly contaminated, drained
A: icy blue scales 1, powered by death 1, magic regeneration
a: no special abilities


You were on level 3 of the Dungeon.
You visited 1 branch of the dungeon, and saw 3 of its levels.

You collected 162 gold pieces.
You spent 72 gold pieces at shops.

Inventory:

Hand Weapons
 g - a +0 dagger (weapon)
Armour
 a - a +0 robe (worn)
 h - a +0 cloak (worn)
 n - a +0 pair of boots (worn)
Jewellery
 s - an amulet of faith
Scrolls
 b - a scroll of blinking {unknown}
 f - 2 scrolls of immolation
 i - 2 scrolls of vulnerability
 j - 2 scrolls of enchant weapon {unknown}
 k - a scroll of fog {unknown}
 l - a scroll of identify
Potions
 c - a potion of lignification
 d - a potion of attraction {unknown}
 e - a potion of flight {unknown}
 m - a potion of mutation {unknown}
 o - a potion of might {unknown}
 p - 2 potions of degeneration {unknown}
 q - 2 potions of curing {unknown}
 r - a potion of heal wounds {unknown}


   Skills:
 + Level 0.1 Fighting
 + Level 0.1 Short Blades
 + Level 2.1 Dodging
 + Level 2.7 Stealth
 + Level 4.1 Spellcasting
 + Level 0.8 Transmutations
 + Level 4.1 Earth Magic


You had 6 spell levels left.
You knew the following spells:

 Your Spells              Type           Power      Damage    Failure   Level
a - Sandblast             Erth           34%        2d9       3%          1
b - Passwall              Tmut/Erth      9%         N/A       9%          2
c - Stone Arrow           Conj/Erth      20%        3d8       21%         3

Your spell library contained the following spells:

 Spells                   Type           Power      Damage    Failure   Level
 Summon Small Mammal      Summ           12%        N/A       16%         1
 Call Canine Familiar     Summ           3%         N/A       43%         3
 Summon Guardian Golem    Hex/Summ       3%         N/A       43%         3
 Petrify                  Tmut/Erth      11%        N/A       50%         4
 Dispersal                Tloc           1%         N/A       100%        6
 Disjunction              Tloc           1%         N/A       100%        8


Dungeon Overview and Level Annotations

Branches:
Dungeon (3/15)

Altars:

Shops:
D:2 *


Innate Abilities, Weirdness & Mutations

You are partially covered in icy blue scales. (AC +2)
You regenerate a little health from kills.
You regenerate magic rapidly.


Message History

Aiming: Stone Arrow (quite dangerous; 21% risk of failure)
Press: ? - help, Shift-Dir - straight line, f - you
Okay, then.
Casting: Stone Arrow (quite dangerous; 21% risk of failure)
Confirm with . or Enter, or press ? or * to list all spells.
The spell is quite dangerous to miscast (21% risk of failure)!
Continue anyway?
Aiming: Stone Arrow (quite dangerous; 21% risk of failure)
Press: ? - help, Shift-Dir - straight line, f - wight
Aim: a wight, wielding a +0 great sword and wearing a +0 robe (wandering, hasn't noticed you, 68% to hit)
The stone arrow hits the wight!
The wight is severely damaged.
Casting: Stone Arrow (quite dangerous; 21% risk of failure)
Confirm with . or Enter, or press ? or * to list all spells.
The spell is quite dangerous to miscast (21% risk of failure)!
Continue anyway?
Aiming: Stone Arrow (quite dangerous; 21% risk of failure)
Press: ? - help, Shift-Dir - straight line, f/p - wight
Aim: a wight, wielding a +0 great sword and wearing a +0 robe (severely damaged, 68% to hit)
The stone arrow misses the wight.
Casting: Stone Arrow (quite dangerous; 21% risk of failure)
Confirm with . or Enter, or press ? or * to list all spells.
The spell is quite dangerous to miscast (21% risk of failure)!
Continue anyway?
Aiming: Stone Arrow (quite dangerous; 21% risk of failure)
Press: ? - help, Shift-Dir - straight line, f/p - wight
Aim: a wight, wielding a +0 great sword and wearing a +0 robe (severely damaged, 68% to hit)
You miscast Stone Arrow.
You are very lightly contaminated with residual magic.
Nothing appears to happen.
The blast of sand hits the wight but does no damage.
The wight is severely damaged.
The wight hits you with a +0 great sword.
The wight hits you with a +0 great sword!
The blast of sand misses the wight.
The wight misses you.
The blast of sand hits the wight but does no damage.
The wight is severely damaged.
The wight hits you with a +0 great sword!
* * * LOW HITPOINT WARNING * * *
You feel drained.
* * * LOW HITPOINT WARNING * * *
The wight hits you with a +0 great sword!
You die...

...............z.......#
#......#######..........#
##.###..#...............#
...# ##.................#
.### ###...<...........#
##### #...............#
....# #..............#
)...# #........z....#
....# #.......@.#####
....# ########..#
########## ##.## ####
#...# #..# ...###...#
####[##### .........#
#....[...# ##.##....#
#........# .........#
#........# ##>###...#
#........#


You could see a wight.

Vanquished Creatures
  3 wights (D:3)
  3 adders
  A worm (D:3)
  3 bats
  5 endoplasms
  5 giant cockroaches
  4 goblins
  8 hobgoblins
  2 kobolds
  6 quokkas
  12 ball pythons
  2 frilled lizards
  2 rats
56 creatures vanquished.

Notes
Turn   | Place    | Note
-------+----------+-------------------------------------------
     0 | D:1      | DemonSlayer the Demonspawn Earth Elementalist began the
                  | quest for the Orb.
     0 | D:1      | Reached XP level 1. HP: 13/13 MP: 3/3
   182 | D:1      | Gained mutation: You regenerate magic rapidly. [demonic
                  | ancestry]
   182 | D:1      | Reached XP level 2. HP: 19/19 MP: 0/5
   185 | D:1      | Learned a level 2 spell: Passwall
   279 | D:1      | Found a faded altar of an unknown god.
   782 | D:1      | Gained mutation: You are partially covered in icy blue
                  | scales. (AC +2) [demonic ancestry]
   782 | D:1      | Reached XP level 3. HP: 24/24 MP: 1/6
  1464 | D:1      | Learned a level 3 spell: Stone Arrow
  1659 | D:2      | Identified the +2 robe of the Shining Light {Dex+3}
  1927 | D:2      | Found Xenunk's Assorted Antiques.
  1948 | D:2      | Bought a cyan potion for 24 gold pieces
  1948 | D:2      | Bought a red potion for 24 gold pieces
  1948 | D:2      | Bought a purple potion for 24 gold pieces
  2646 | D:3      | Gained mutation: You regenerate a little health from kills.
                  | [demonic ancestry]
  2646 | D:3      | Reached XP level 4. HP: 23/30 MP: 6/8
  2853 | D:3      | Reached XP level 5. HP: 6/35 MP: 5/10
  3846 | D:3      | Mangled by a wight

Illustrated notes

Levels and vault maps discovered:
D:1:      lightli_arrival_farm, layout_basic, hellmonk_ecumenical_altar_blasted
D:2:      layout_basic, serial_shops, shop
D:3:      layout_rooms

Skill      XL: |  1  2  3  4  5 |
---------------+----------------+-----
Stealth        | 2 |  2.7
Earth Magic    | 3 4 |  4.1
Spellcasting   | 3 4 |  4.1
Dodging        | 2 |  2.1
Fighting       | |  0.1
Short Blades   | |  0.1
Transmutations | |  0.8

Action                   |  1- 3 |  4- 6 || total
-------------------------+-------+-------++-------
Melee: Dagger            |    18 |     2 ||    20
       Falchion          |     1 |       ||     1
       Punch             |     1 |       ||     1
 Cast: Sandblast         |    65 |    35 ||   100
       Stone Arrow       |       |     3 ||     3
  Use: Potion            |       |     2 ||     2
       Scroll            |       |     2 ||     2
 Stab: Sleeping          |     7 |       ||     7
Armor: Robe              |    18 |     4 ||    22
       Skin              |       |    10 ||    10
Dodge: Dodged            |    29 |    26 ||    55
